AoeStats
← SkOrPiO

Arena

508533508Analyzed
4v4 RM · 9d ago on Sep 22, 2026· 56m 38s· 8 players
Game mode
Random Map
Map size
Large (8 player)
Population
200
Speed
Normal
Resources
Standard
Victory
Conquest
Starting age
Dark Age
Ending age
Imperial Age
RankedLock teamsTeams togetherTeam positionsShared explorationLock speedFull tech treeHidden civsTurbo modeCheats
Victory
Defeat
🇲🇽 Bohemians · Mexico
1520
+13
🇲🇽 Random · Mexico
1497
+14
🇲🇽 Random · Mexico
1493
+14
🇲🇽 Burmese · Mexico
1464
+15
🇧🇷 Saracens · Brazil
1645
-21
🇧🇷 Khmer · Brazil
1539
-17
🇧🇷 Franks · Brazil
1418
-13
🇧🇷 Persians · Brazil
1182
-5
:) Onta Roncha Moras
9:52 Feudal Age
10:08 Feudal Age
11:58 Loom
14:53 Castle Age
14:05 Double-Bit Axe
15:41 Gold Mining
20:11 Scale Mail Armor
20:21 Pikeman
22:21 Bow Saw
24:49 Horse Collar
25:39 Chain Mail Armor
26:35 Squires
27:26 Forging
30:11 Heavy Plow
32:35 Gold Shaft Mining
32:39 Wheelbarrow
34:11 Iron Casting
35:56 Stone Mining
39:54 Imperial Age
37:57 Hand Cart
38:10 Fletching
41:43 Chemistry
40:51 Siege Engineers
41:22 Plate Mail Armor
40:16 Halberdier
40:24 Onager
42:41 Blast Furnace
42:09 Masonry
43:56 Town Watch
44:08 Bodkin Arrow
43:50 Siege Onager
46:25 Conscription
47:14 Northmen's Fury
49:33 Arson
50:13 Hamask
53:50 Bracer
54:15 Town Patrol
54:39 Ballistics
56:07 Hoardings
56:53 Scale Barding Armor
56:46 Murder Holes
robecha18
10:02 Feudal Age
10:14 Loom
14:14 Castle Age
18:51 Wheelbarrow
18:13 Horse Collar
18:52 Fervor
19:58 Sanctity
20:49 Hand Cart
20:21 Town Watch
21:57 Heavy Plow
22:08 Gambesons
24:21 Squires
24:26 Gold Mining
24:27 Stone Mining
24:43 Pikeman
27:47 Scale Mail Armor
27:57 Forging
30:38 Imperial Age
29:24 Chain Mail Armor
29:06 Fletching
30:08 Gold Shaft Mining
30:22 Padded Archer Armor
31:48 Iron Casting
31:54 Plate Mail Armor
30:50 Halberdier
32:06 Conscription
32:50 Chemistry
32:11 Ballistics
35:18 Elite Arambai
37:44 Blast Furnace
36:40 Bodkin Arrow
42:08 Masonry
41:54 Murder Holes
42:15 Bracer
43:45 Architecture
48:07 Man-at-Arms
50:15 Light Cavalry
51:06 Bloodlines
50:58 Elite Battle Elephant
51:47 Scale Barding Armor
52:22 Husbandry
Yun
10:33 Feudal Age
14:24 Castle Age
12:16 Double-Bit Axe
12:37 Horse Collar
15:32 Bow Saw
21:21 Sanctity
22:10 Fervor
23:39 Wheelbarrow
27:27 Imperial Age
25:48 Hand Cart
25:30 Town Watch
25:30 Loom
25:26 Pikeman
26:29 Scale Mail Armor
26:40 Squires
28:30 Chemistry
27:49 Chain Mail Armor
27:45 Forging
27:38 Halberdier
28:04 Arson
28:54 Ballistics
29:52 Plate Mail Armor
29:58 Iron Casting
31:16 Fletching
32:16 Conscription
33:43 Houfnice
37:09 Blast Furnace
36:05 Bodkin Arrow
36:12 Heavy Plow
38:38 Guilds
38:34 Bracer
39:36 Two-Man Saw
40:06 Elite Hussite Wagon
42:13 Wagenburg Tactics
kazumakine
11:00 Feudal Age
14:52 Castle Age
13:08 Loom
13:14 Horse Collar
13:22 Double-Bit Axe
14:11 Stone Mining
16:13 Town Watch
26:26 Wheelbarrow
30:42 Imperial Age
29:45 Husbandry
29:56 Bloodlines
29:06 Light Cavalry
29:17 Pikeman
31:51 Scale Barding Armor
31:56 Forging
31:45 Hussar
32:11 Capped Ram
33:30 Elite Skirmisher
34:30 Fletching
43:51 Padded Archer Armor
44:29 Bodkin Arrow
47:54 Leather Archer Armor
51:36 Chain Barding Armor
54:52 Plate Barding Armor
[LCDR] PERTUBADO
10:12 Feudal Age
9:36 Loom
14:48 Castle Age
13:17 Double-Bit Axe
14:09 Horse Collar
27:13 Heavy Plow
28:16 Bow Saw
29:09 Wheelbarrow
32:52 Imperial Age
30:58 Forging
31:20 Bloodlines
31:45 Husbandry
31:53 Scale Barding Armor
33:23 Iron Casting
33:32 Hand Cart
33:18 Cavalier
34:33 Chain Barding Armor
36:09 Blast Furnace
36:46 Crop Rotation
37:27 Plate Barding Armor
37:41 Savar
41:09 Two-Man Saw
41:24 Thumb Ring
40:40 Crossbowman
44:02 Fletching
44:12 Padded Archer Armor
45:51 Bodkin Arrow
46:19 Kamandaran
51:03 Leather Archer Armor
[LCDR] Alone
9:38 Feudal Age
13:15 Castle Age
11:31 Double-Bit Axe
12:00 Horse Collar
18:32 Wheelbarrow
26:15 Imperial Age
24:05 Forging
24:28 Bow Saw
24:18 Gold Mining
25:08 Loom
26:11 Scale Barding Armor
26:43 Iron Casting
26:34 Elite Mameluke
28:27 Conscription
28:38 Chain Barding Armor
29:55 Plate Barding Armor
30:11 Bloodlines
30:02 Husbandry
31:35 Gold Shaft Mining
33:22 Blast Furnace
38:36 Padded Archer Armor
40:55 Chemistry
40:53 Leather Archer Armor
41:12 Capped Ram
42:45 Ring Archer Armor
42:09 Siege Ram
48:08 Light Cavalry
48:49 Hussar
51:26 Elite Skirmisher
53:59 Elite Skirmisher
54:30 Fletching
56:25 Bodkin Arrow
SkOrPiO
8:54 Feudal Age
13:05 Castle Age
11:35 Double-Bit Axe
12:22 Horse Collar
20:36 Bow Saw
22:04 Wheelbarrow
23:27 Hand Cart
23:19 Heavy Plow
28:02 Imperial Age
25:18 Loom
25:52 Padded Archer Armor
27:22 Leather Archer Armor
29:01 Scale Barding Armor
28:45 Elite Ballista Elephant
31:28 Ballistics
32:15 Double Crossbow
33:00 Chain Barding Armor
33:28 Fletching
35:44 Man-at-Arms
36:10 Arson
36:27 Scale Mail Armor
37:03 Husbandry
37:13 Bloodlines
36:54 Long Swordsman
37:57 Two-Handed Swordsman
39:11 Siege Engineers
44:59 Chain Mail Armor
46:21 Chemistry
45:37 Forging
49:34 Fortified Wall
50:23 Iron Casting
[LCDR]Hilstinho
9:58 Feudal Age
11:47 Loom
14:30 Castle Age
15:31 Forging
23:44 Double-Bit Axe
24:35 Husbandry
25:33 Scale Barding Armor
28:10 Wheelbarrow
30:26 Imperial Age
32:24 Iron Casting
32:07 Cavalier
35:29 Fletching
35:40 Padded Archer Armor
36:02 Elite Skirmisher
36:44 Bodkin Arrow
Connection lost

Rejoining the realm…

Still unreachable

The connection could not be restored.

Session expired

The server has moved on; the page needs a fresh start.